 Dungeon Crawl Stone Soup version 0.21.1-1-g345015fe64 (webtiles) character file.

59 ponypharmacist the Cudgeler (level 4, -1/29 HPs)
             Began as a Gargoyle Berserker on Apr 20, 2018.
             Was a Believer of Trog.
             Slain by DobroLive's ghost (3 damage)
             ... on level 3 of the Dungeon.
             The game lasted 00:05:44 (1372 turns).

ponypharmacist the Cudgeler (Gargoyle Berserker)    Turns: 1372, Time: 00:05:45

Health: -1/29      AC: 13    Str: 21    XL:     4   Next: 3%
Magic:  4/4        EV: 11    Int:  8    God:    Trog [**....]
Gold:   127        SH:  0    Dex:  9    Spells: 3/3 levels left

rFire    + . .     SeeInvis .   a - +0 mace
rCold    . . .     Gourm    .   (no shield)
rNeg     + . .     Faith    .   l - +1 ring mail {rF+}
rPois    ∞         Spirit   .   (no helmet)
rElec    +         Reflect  .   (no cloak)
rCorr    .         Harm     .   (no gloves)
MR       .....                  e - +2 pair of boots
Stlth    ..........             (no amulet)
HPRegen  0.09/turn              (no ring)
MPRegen  0.09/turn              (no ring)

@: berserk cooldown, slowed, very slow
A: negative energy resistance 1, electricity resistance, unbreathing,
petrification resistance, rot immunity, AC +3
a: Berserk, Trog's Hand, Burn Spellbooks, Renounce Religion


You were on level 3 of the Dungeon.
You worshipped Trog.
Trog was pleased with you.
You were hungry.

You visited 1 branch of the dungeon, and saw 3 of its levels.

You collected 127 gold pieces.

Inventory:

Hand Weapons
 a - a +0 mace (weapon)
Missiles
 b - 4 javelins (quivered)
Armour
 e - a +2 pair of boots (worn)
 l - a +1 ring mail of fire resistance (worn)
Jewellery
 i - a cursed ring of teleportation {unknown}
 n - a cursed -3 ring of evasion {unknown}
Scrolls
 d - 4 scrolls of identify {unknown}
 g - a scroll of magic mapping {unknown}
 h - a scroll of enchant weapon {unknown}
 j - 4 scrolls of amnesia {unknown}
 k - a scroll of blinking {unknown}
 m - a scroll of teleportation {unknown}
 p - a scroll of fog {unknown}
Potions
 f - a potion of berserk rage {unknown}
 o - a potion of heal wounds {unknown}
Comestibles
 c - 5 rations
 q - a chunk of flesh


   Skills:
 + Level 3.8 Fighting
 * Level 4.0 Maces & Flails
 + Level 2.9 Armour
 - Level 1.5 Dodging


You had 3 spell levels left.
You didn't know any spells.

Dungeon Overview and Level Annotations

Branches:
Dungeon (3/15)

Altars:

Annotations:
D:3 DobroLive's ghost, amateur DDFi


Innate Abilities, Weirdness & Mutations

You are resistant to torment.
Your stone body is resilient. (AC +3)
You are immune to poison.
You resist negative energy. (rN+)
You are resistant to electric shocks. (rElec)
You can survive without breathing.
You are immune to petrification.
You are immune to rotting.


Message History

You sock DobroLive's ghost!
DobroLive's ghost is severely damaged.
DobroLive's ghost closely misses you. The goblin completely misses you.
You hit DobroLive's ghost.
DobroLive's ghost is almost destroyed.
You are no longer berserk.
You are exhausted.
You feel yourself slow down. DobroLive's ghost barely misses you.
You closely miss DobroLive's ghost.
DobroLive's ghost is almost destroyed.
The goblin barely misses you.
DobroLive's ghost hits you but does no damage.
The goblin hits you but does no damage.
You closely miss DobroLive's ghost.
DobroLive's ghost is almost destroyed.
DobroLive's ghost hits you but does no damage.
The goblin hits you.
* * * LOW HITPOINT WARNING * * *
DobroLive's ghost hits you.
You die...

...# #....... .. ...+?...
..##.#.#..# ..#.#'#
..##.#.#..# #.....#
.<##.#.#..## #..!..#
..##.......# #.....#
...#.......# #.....#
...#.......# #..†g.#
...........# #..@W.#
#....#.#..## ###'#......
#.)..#.#..######.# #####
#....#...........##
#....###.#.#......#########
#.##.# #.#....(.........(..
#.##.# #.#.†.......########
#.##'###.#.........#
#.....##.###.#....##


You could see DobroLive's ghost and a goblin.

Vanquished Creatures
  3 adders (D:2)
  2 dart slugs (D:2)
  2 leopard geckos
  A giant cockroach (D:1)
  A goblin (D:1)
  2 hobgoblins
  A quokka (D:2)
  6 bats
  2 frilled lizards (D:1)
  4 kobolds
  7 rats
31 creatures vanquished.

Notes
Turn   | Place    | Note
-------+----------+-------------------------------------------
     0 | D:1      | ponypharmacist the Gargoyle Berserker began the quest for the Orb.
     0 | D:1      | Reached XP level 1. HP: 14/14 MP: 1/1
   290 | D:1      | Reached XP level 2. HP: 18/19 MP: 2/2
   596 | D:2      | Reached XP level 3. HP: 17/23 MP: 3/3
  1226 | D:3      | Reached skill level 4 in Maces & Flails
  1254 | D:3      | Reached XP level 4. HP: 29/29 MP: 4/4
  1356 | D:3      | Noticed DobroLive's ghost (amateur DDFi)
  1357 | D:3      | Reached ** piety under Trog
  1372 | D:3      | Slain by DobroLive's ghost

Skill      XL: |  1  2  3 |
---------------+----------+-----
Maces & Flails | 4 |  4.0
Fighting       | |  3.8
Armour         | |  2.9
Dodging        | |  1.5

Action                   |  1- 3 |  4- 6 || total
-------------------------+-------+-------++-------
Melee: Mace              |   104 |    19 ||   123
Throw: Javelin           |     3 |       ||     3
Invok: Berserk           |       |     1 ||     1
  Eat: Chunk             |     1 |     1 ||     2
Armor: Chain mail        |    22 |       ||    22
       Animal skin       |    12 |       ||    12
       Ring mail         |    41 |    12 ||    53
Dodge: Dodged            |    81 |    12 ||    93
